 Dungeon Crawl Stone Soup version 0.24.0-13-gcf9b3192b9 (webtiles) character file.

Game seed: 6882967473463390393, levelgen mode: deterministic

494 Descartes the Scratcher (level 6, -2/27 HPs)
             Began as a Felid Transmuter on Nov 8, 2019.
             Slain by a river rat (6 damage)
             ... on level 5 of the Dungeon.
             The game lasted 00:14:23 (8446 turns).

Descartes the Scratcher (Felid Transmuter)          Turns: 8446, Time: 00:14:24

Health: -2/27      AC:  2    Str:  8    XL:     6   Next: 92%
Magic:  10/11      EV: 20    Int: 15    God:
Gold:   325        SH:  0    Dex: 16    Spells: 3/11 levels left
                                        Lives:  0   Deaths: 1

rFire    . . .     SeeInvis +     - Unarmed
rCold    . . .     Gourm    .   (shield unavailable)
rNeg     + . .     Faith    .   (armour unavailable)
rPois    .         Spirit   .   (helmet unavailable)
rElec    .         Reflect  .   (cloak unavailable)
rCorr    .         Harm     .   (gloves unavailable)
MR       .....                  (boots unavailable)
Stlth    +++.......             (no amulet)
HPRegen  0.09/turn              k - ring of positive energy
MPRegen  0.12/turn              (no ring)

@: appendage, quick
A: very small, no armour, no weapons or thrown items, stealth, claws 1, fangs 3,
horns 2, see invisible, carnivore, speed 1, shaggy fur 2, slow metabolism 1,
sharp paws
a: End Transformation


You were on level 5 of the Dungeon.
You were very full.
You had grown temporary horns.
You visited 1 branch of the dungeon, and saw 6 of its levels.
You also visited: Sewer.

You collected 325 gold pieces.

Inventory:

Missiles
 a - 36 arrows
 m - 209 stones
Jewellery
 k - a ring of positive energy (left paw)
Wands
 s - a wand of disintegration (30)
 w - a wand of scattershot (6)
Scrolls
 b - 4 scrolls of teleportation
 e - a scroll of remove curse {unknown}
 g - a scroll of immolation {unknown}
 l - 2 scrolls of identify {unknown}
 n - a scroll of amnesia
 o - 2 scrolls of enchant armour {unknown}
 p - a scroll of noise {unknown}
 q - a scroll of random uselessness {unknown}
 u - 2 scrolls of fear {unknown}
Potions
 d - 2 potions of curing
 f - a potion of mutation {unknown}
 h - a potion of magic {unknown}
 i - a potion of might
 j - a potion of heal wounds {unknown}
 r - a potion of lignification {unknown}
 t - a potion of brilliance
Comestibles
 c - 8 rations


   Skills:
 + Level 2.7 Fighting
 + Level 4.5 Dodging
 + Level 3.6 Stealth
 * Level 5.1 Unarmed Combat
 + Level 3.1 Spellcasting
 * Level 4.7 Transmutations


You had 3 spell levels left.
You knew the following spells:

 Your Spells              Type           Power        Failure   Level  Hunger
a - Beastly Appendage     Tmut           ###...       2%          1    #......
b - Sticks to Snakes      Tmut           ###.....     4%          2    ##.....
c - Blade Hands           Tmut           ###.......   61%         5    ######.

Your spell library contained the following spells:

 Spells                   Type           Power        Failure   Level  Hunger
 Spider Form              Tmut/Pois      #.........   22%         3    ###....
 Ice Form                 Ice/Tmut       #.......     58%         4    #####..


Dungeon Overview and Level Annotations

Branches:
Dungeon (6/15)             Temple (0/1) D:6           Sewer (visited)

Altars:
Ashenzari
Hepliaklqana
Makhleb
Nemelex Xobeh
Ru
Yredelemnul

Annotations:
D:5 exclusion: 2 ice beasts, Sigmund
D:6 exclusion: ice beast


Innate Abilities, Weirdness & Mutations

You cannot wear armour.
You are incapable of wielding weapons or throwing items.
Your paws allow you to move quietly. (Stealth)
You have sharp claws.
You have razor-sharp teeth.
You have supernaturally acute eyesight. (SInv)
You are carnivorous and can eat meat at any time.
You cover ground quickly.
You are covered in thick fur. (AC +2)
You have a slow metabolism.
Your sharp claws are effective at attacking unaware monsters.
You have a pair of horns on your head.


Message History

You scratch the river rat.
The river rat is heavily wounded.
The river rat barely misses you.
You claw the river rat!
You kill the river rat!
A river rat comes into view.
You closely miss the rat. The rat completely misses you.
You see here a river rat corpse.
Items here: †††† a quokka corpse; a rat corpse; a river rat corpse; a rat corpse You scratch the rat.
You kill the rat!
You scratch the river rat but do no damage.
The river rat misses you.
You closely miss the river rat. The river rat bites you.
* * * LOW HITPOINT WARNING * * *
Casting: Beastly Appendage (safe; 2% risk of failure)
Confirm with . or Enter, or press ? or * to list all spells.
You grow a pair of large bovine horns.
The river rat bites you.
You die...

##.#.#
##.## ##
##.#
.####.# #
.#..## .#
#.#.# .#
#.#.#.#
##.?..#
##@#†..#
#r##..#.#
#r#.##.#..
.r....†##.
####.#
#...... .#
# #......
.
##.....%.
#....$
######


You could see 2 river rats.

Vanquished Creatures
  An ogre (D:4)
  A bullfrog (D:5)
  A scorpion (D:4)
  A centaur zombie (D:5)
  A jelly (D:2)
  2 centaur skeletons
  2 iguanas
  A worker ant (D:4)
  6 gnolls
  6 adders
  5 river rats
  An adder zombie (D:2)
  3 worms
  3 dart slugs
  An orc (D:5)
  3 ball pythons (Sewer)
  6 bats
  6 giant cockroaches
  2 hobgoblins
  6 jackals (Sewer)
  9 kobolds
  6 quokkas
  8 frilled lizards
  A giant cockroach zombie (D:2)
  2 gnoll zombies (D:3)
  8 goblins
  A jackal skeleton (D:2)
  A leopard gecko skeleton (D:4)
  A leopard gecko zombie (D:5)
  17 rats
  4 plants (Sewer)
116 creatures vanquished.

Vanquished Creatures (others)
  2 plants (Sewer)
2 creatures vanquished.

Grand Total: 118 creatures vanquished

Notes
Turn   | Place    | Note
-------+----------+-------------------------------------------
     0 | D:1      | Descartes the Felid Transmuter began the quest for the Orb.
     0 | D:1      | Reached XP level 1. HP: 9/9 MP: 4/4
    58 | D:1      | Found a shattered altar of Ashenzari.
   343 | D:1      | Reached XP level 2. HP: 12/12 MP: 6/6
   864 | D:2      | Reached skill level 1 in Stealth
  1330 | D:2      | Reached XP level 3. HP: 15/15 MP: 7/7
  1566 | D:2      | Found a hazy altar of Hepliaklqana.
  1764 | D:2      | Reached XP level 4. HP: 3/19 MP: 6/8
  2677 | D:3      | Found a glowing drain.
  2681 | Sewer    | Entered a sewer
  3076 | Sewer    | Reached XP level 5. HP: 22/22 MP: 7/9
  4149 | D:3      | Found a basalt altar of Yredelemnul.
  4261 | D:3      | Reached skill level 4 in Unarmed Combat
  5010 | D:4      | Found a burning altar of Makhleb.
  5010 | D:4      | Noticed a green death
  5018 | D:4      | Noticed a neqoxec
  5018 | D:4      | Noticed an orange demon
  5383 | D:4      | Learned a level 2 spell: Sticks to Snakes
  5389 | D:4      | Learned a level 5 spell: Blade Hands
  5946 | D:4      | Gained mutation: You are covered in thick fur. (AC +2)
                  | [Felid growth]
  5946 | D:4      | Reached XP level 6. HP: 17/26 MP: 9/11
  6268 | D:4      | Found a sacrificial altar of Ru.
  6268 | D:4      | Found a sparkling altar of Nemelex Xobeh.
  6751 | D:5      | Entered Level 5 of the Dungeon
  6752 | D:5      | Noticed an ice beast
  6806 | D:5      | Noticed an ice beast
  6896 | D:5      | Noticed Sigmund
  7219 | D:4      | HP: 1/26 [ogre/+0 giant spiked club (25)]
  7229 | D:4      | Annihilated by an ogre
  7230 | D:4      | Reached XP level 5. HP: -28/22 MP: 10/10
  7251 | D:4      | Killed an ogre
  7491 | D:6      | Noticed an ice beast
  7534 | D:5      | Reached XP level 6. HP: 27/27 MP: 9/11
  7977 | D:6      | Found a staircase to the Ecumenical Temple.
  7977 | D:6      | Noticed a sky beast
  7988 | D:5      | HP: 1/27 [bullfrog (8)]
  8304 | D:5      | Reached skill level 5 in Unarmed Combat
  8446 | D:5      | Slain by a river rat

Levels and vault maps discovered:
D:1:      onia_arrival_pyramid, layout_basic, nicolae_ashenzari_panopticon
D:2:      layout_rooms, lemuel_doored_altar, serial_undead, serial_undead_f,
          serial_undead_b, serial_undead_e, serial_undead_c,
          minmay_goblin_outpost
D:3:      layout_loops_corners, lemuel_zombie_altar_yredelemnul,
          gup_sewer_entry_bowl, first_ration
D:4:      layout_gridville, grunt_temple_overflow_open, minmay_door_square,
          makhleb_altar_promises_db
D:5:      lemuel_ratsnest, layout_cave_pools, uniq_sigmund
D:6:      layout_rooms, minmay_temple_entry_arrows, basic_altar

Skill      XL: |  1  2  3  4  5  6 |
---------------+-------------------+-----
Stealth        | 1 2 3 |  3.6
Dodging        | 3 4 |  4.5
Transmutations | 3 4 |  4.7
Unarmed Combat | 4 5 |  5.1
Fighting       | 2 |  2.7
Spellcasting   | 3 |  3.1

Action                   |  1- 3 |  4- 6 || total
-------------------------+-------+-------++-------
Melee: Unarmed           |   132 |   584 ||   716
       Bite              |     7 |    62 ||    69
       Headbutt          |     9 |    45 ||    54
       Punch             |     1 |    17 ||    18
 Cast: Beastly Appendage |     7 |    33 ||    40
  Use: Potion            |     5 |     3 ||     8
       Scroll            |       |     2 ||     2
 Stab: Sleeping          |     8 |     6 ||    14
  Eat: Chunk             |     9 |    19 ||    28
Armor: Skin              |     5 |    10 ||    15
Dodge: Dodged            |    93 |   278 ||   371
